[Event "29. Klatovy C 2023"]
[Site "Klatovy"]
[Date "2023.07.07"]
[Round "7.4"]
[White "Plasek, Zdenek"]
[Black "Novotny, Jaroslav2"]
[Result "1/2-1/2"]
[ECO "D02"]
[WhiteElo "1914"]
[BlackElo "1890"]
[PlyCount "110"]
[EventDate "2023.07.01"]
[EventType "swiss"]
[EventRounds "9"]
[EventCountry "CZE"]
[TimeControl "120+30"]

1. Nf3 Nf6 2. g3 d5 3. Bg2 Bf5 4. d4 h6 5. c4 e6 6. Qb3 Qc8 7. Ne5 c6 8. Nc3 Nbd7 9. O-O Nxe5 10. dxe5 Nd7 11. cxd5 exd5 12. f4 Bc5+ 13. Kh1 O-O 14. e4 dxe4 15. Nxe4 Be7 16. Be3 Rd8 17. a4 Bxe4 18. Bxe4 Nc5 19. Bxc5 Bxc5 20. Bg6 Rd5 21. Be4 Rd4 22. Qc2 Qf8 23. Rfd1 Rad8 24. Rxd4 Rxd4 25. Rd1 Qd8 26. Rd3 Rxd3 27. Qxd3 Qxd3 28. Bxd3 Bd4 29. b3 b6 30. Kg2 Kf8 31. Kf3 Ke7 32. Ke4 Bg1 33. h3 Bf2 34. Kf3 Bd4 35. Be4 Kd7 36. Bf5+ Ke7 37. Ke4 Bc3 38. Bc8 a5 39. Ba6 Be1 40. g4 Bc3 41. Bb7 Kd7 42. Kf5 b5 43. axb5 cxb5 44. Bd5 Ke7 45. Bc6 b4 46. Bd5 Be1 47. Ke4 Bf2 48. Bc4 g6 49. f5 gxf5+ 50. gxf5 f6 51. e6 h5 52. Kd5 h4 53. Kc6 Be1 54. Kb5 Bd2 55. Kxa5 Be1 1/2-1/2

[Event "29. Klatovy C 2023"]
[Site "Klatovy"]
[Date "2023.07.07"]
[Round "7.5"]
[White "Fiser, Jiri2"]
[Black "Ondrejat, Miroslav"]
[Result "0-1"]
[ECO "B90"]
[WhiteElo "1784"]
[BlackElo "1834"]
[PlyCount "112"]
[EventDate "2023.07.01"]
[EventType "swiss"]
[EventRounds "9"]
[EventCountry "CZE"]
[TimeControl "120+30"]

1. e4 c5 2. Nf3 d6 3. d4 cxd4 4. Nxd4 Nf6 5. Nc3 a6 6. Be3 e5 7. Nb3 Be6 8. Qd2 Be7 9. f4 Ng4 10. f5 Bxb3 11. axb3 Nxe3 12. Qxe3 Nd7 13. Bc4 O-O 14. Bd5 Rb8 15. O-O Qb6 16. Rf3 Bd8 17. Qxb6 Bxb6+ 18. Kf1 Nf6 19. Ke2 Rfc8 20. Kd2 Kf8 21. Rd3 Ke7 22. Na4 Ba7 23. c4 Bd4 24. Nc3 Bxc3+ 25. bxc3 Nd7 26. Kc2 h5 27. Rad1 Rh8 28. b4 h4 29. c5 dxc5 30. Bxf7 Nf6 31. Bd5 cxb4 32. cxb4 Rbc8+ 33. Kb3 Rc7 34. g4 Rd8 35. g5 Nh5 36. Rh3 Nf4 37. Rxh4 Nxd5 38. exd5 Kd6 39. f6 Rf8 40. Rf1 gxf6 41. Rh6 Kxd5 42. Rhxf6 Rh8 43. R1f2 Rch7 44. g6 Rxh2 45. Rxh2 Rxh2 46. Rf7 Rg2 47. g7 b5 48. Rd7+ Ke4 49. Ra7 Rg3+ 50. Kc2 Kd4 51. Rxa6 Rxg7 52. Rc6 Rg2+ 53. Kc1 e4 54. Rd6+ Kc3 55. Kd1 e3 56. Re6 e2+ 0-1

[Event "29. Klatovy C 2023"]
[Site "Klatovy"]
[Date "2023.07.07"]
[Round "7.6"]
[White "Skopec, Lubos"]
[Black "Baumruk, Josef"]
[Result "1/2-1/2"]
[ECO "B03"]
[WhiteElo "1824"]
[BlackElo "1947"]
[PlyCount "97"]
[EventDate "2023.07.01"]
[EventType "swiss"]
[EventRounds "9"]
[EventCountry "CZE"]
[TimeControl "120+30"]

1. e4 Nf6 2. e5 Nd5 3. c4 Nb6 4. d4 d6 5. f4 dxe5 6. fxe5 Nc6 7. Be3 Bf5 8. Nc3 e6 9. Nf3 Be7 10. Be2 O-O 11. O-O Rc8 12. a3 f6 13. b4 fxe5 14. Nxe5 Nxe5 15. dxe5 Nd7 16. Bf4 c5 17. b5 Qc7 18. Nd5 exd5 19. Qxd5+ Kh8 20. e6 Nb6 21. Bxc7 Nxd5 22. cxd5 Rxc7 23. Rad1 Bd6 24. g4 Bxe6 25. Rxf8+ Bxf8 26. dxe6 Be7 27. Bc4 h6 28. Kg2 Bf6 29. Kf3 g6 30. Ke4 Kg7 31. Kd5 Be7 32. Rf1 Bf8 33. Ke5 Re7 34. Rd1 Rc7 35. Rd7+ Rxd7 36. exd7 Be7 37. Ke6 Bd8 38. Bd5 b6 39. Bc4 h5 40. h3 hxg4 41. hxg4 g5 42. a4 Kf8 43. Kd6 Kg7 44. a5 bxa5 45. Kxc5 Kf6 46. Kd6 Bb6 47. Bb3 Bd8 48. Kc6 Ke7 49. Kb7 1/2-1/2

[Event "29. Klatovy C 2023"]
[Site "Klatovy"]
[Date "2023.07.07"]
[Round "7.7"]
[White "Havelka, Petr"]
[Black "Richter, Martin1"]
[Result "1/2-1/2"]
[ECO "E11"]
[WhiteElo "1770"]
[BlackElo "1946"]
[PlyCount "44"]
[EventDate "2023.07.01"]
[EventType "swiss"]
[EventRounds "9"]
[EventCountry "CZE"]
[TimeControl "120+30"]

1. d4 Nf6 2. c4 e6 3. Nf3 Bb4+ 4. Bd2 c5 5. dxc5 Qa5 6. a3 Bxd2+ 7. Nbxd2 Qxc5 8. e3 O-O 9. Be2 b6 10. O-O Bb7 11. b4 Qe7 12. Rc1 d6 13. Qb3 Nbd7 14. Rfd1 Rfc8 15. h3 d5 16. cxd5 Nxd5 17. Qb2 a6 18. Nb3 Qf6 19. Qd2 Ne5 20. Rxc8+ Rxc8 21. Nxe5 Qxe5 22. Bf3 Qc3 1/2-1/2

[Event "29. Klatovy C 2023"]
[Site "Klatovy"]
[Date "2023.07.08"]
[Round "8.1"]
[White "Chalus, Karel"]
[Black "Sedlak, Ludek"]
[Result "1/2-1/2"]
[ECO "B01"]
[WhiteElo "1975"]
[BlackElo "1885"]
[PlyCount "46"]
[EventDate "2023.07.01"]
[EventType "swiss"]
[EventRounds "9"]
[EventCountry "CZE"]
[TimeControl "120+30"]

1. e4 d5 2. exd5 Qxd5 3. Nc3 Qd6 4. d4 Nf6 5. Nf3 c6 6. h3 Bf5 7. Bc4 e6 8. Qe2 Be7 9. O-O O-O 10. a4 a5 11. Re1 Re8 12. b3 Qd8 13. Nd1 Na6 14. c3 Nc7 15. Ne5 Nfd5 16. Bd3 Bxd3 17. Qxd3 Bg5 18. Qf3 Rf8 19. Qg3 Bxc1 20. Rxc1 Ne7 21. Re4 Nf5 22. Qd3 Nd5 23. Nb2 Qg5 1/2-1/2

[Event "29. Klatovy C 2023"]
[Site "Klatovy"]
[Date "2023.07.08"]
[Round "8.2"]
[White "Turner, Radek"]
[Black "Pribyl, Josef"]
[Result "0-1"]
[ECO "A25"]
[WhiteElo "1991"]
[BlackElo "2230"]
[PlyCount "108"]
[EventDate "2023.07.01"]
[EventType "swiss"]
[EventRounds "9"]
[EventCountry "CZE"]
[TimeControl "120+30"]

1. c4 e5 2. g3 Nc6 3. Nc3 Bb4 4. Nd5 a5 5. Bg2 Nge7 6. e3 Nxd5 7. cxd5 Ne7 8. Ne2 c6 9. a3 Bd6 10. Nc3 O-O 11. d4 Qb6 12. Ne4 cxd5 13. Nxd6 Qxd6 14. dxe5 Qxe5 15. O-O d6 16. Qd4 Qxd4 17. exd4 Be6 18. Bd2 Rfc8 19. Rac1 Nc6 20. Be3 Ra6 21. Rfd1 Rb6 22. Rd2 Kf8 23. f4 Rb3 24. Re1 Ne7 25. f5 Nxf5 26. Bf4 Rc6 27. Kf2 h6 28. g4 Nh4 29. Bh1 g5 30. Bg3 Rcb6 31. Re3 Rxe3 32. Kxe3 Ke7 33. b4 axb4 34. Rb2 b3 35. Bxh4 gxh4 36. Bf3 f5 37. gxf5 Bxf5 38. Bxd5 Bc2 39. Kd2 Kf6 40. Kc3 Kf5 41. a4 Kg4 42. a5 Rb5 43. Be6+ Kf3 44. Bc4 Rxa5 45. Bxb3 Bxb3 46. Rxb3 Kg2 47. h3 Rg5 48. Kc4 b5+ 49. Kb4 Rg3 50. Rb2+ Kxh3 51. Kxb5 Kg4 52. d5 h3 53. Kc6 Rg2 54. Rb4+ Kg5 0-1

[Event "29. Klatovy C 2023"]
[Site "Klatovy"]
[Date "2023.07.08"]
[Round "8.3"]
[White "Ondrejat, Miroslav"]
[Black "Novotny, Jaroslav2"]
[Result "0-1"]
[ECO "E69"]
[WhiteElo "1834"]
[BlackElo "1890"]
[PlyCount "80"]
[EventDate "2023.07.01"]
[EventType "swiss"]
[EventRounds "9"]
[EventCountry "CZE"]
[TimeControl "120+30"]

1. c4 Nf6 2. g3 g6 3. Bg2 Bg7 4. d4 O-O 5. Nc3 c6 6. e4 d6 7. Nf3 Nbd7 8. O-O e5 9. h3 Qe7 10. Re1 Rd8 11. Be3 h6 12. Qc2 b6 13. Rad1 Bb7 14. b3 Rac8 15. Qd2 Kh7 16. Nh4 Nf8 17. d5 cxd5 18. cxd5 Ba6 19. Rc1 Rc7 20. Bf1 Bxf1 21. Rxf1 Qd7 22. Kg2 Rdc8 23. Qd3 Nh5 24. Nb5 Rxc1 25. Rxc1 Rxc1 26. Bxc1 a6 27. Nc3 b5 28. Ne2 Bf6 29. Nf3 g5 30. Nh2 Ng6 31. Qf3 Nhf4+ 32. Nxf4 exf4 33. Qg4 Qc7 34. Ba3 fxg3 35. Nf3 gxf2 36. Kxf2 Qc2+ 37. Kf1 Nf4 38. Ne1 Qxe4 39. Bxd6 Qh1+ 40. Kf2 Bd4+ 0-1

[Event "29. Klatovy C 2023"]
[Site "Klatovy"]
[Date "2023.07.08"]
[Round "8.4"]
[White "Hlavac, Rudolf"]
[Black "Plasek, Zdenek"]
[Result "1-0"]
[ECO "B53"]
[WhiteElo "1845"]
[BlackElo "1914"]
[PlyCount "153"]
[EventDate "2023.07.01"]
[EventType "swiss"]
[EventRounds "9"]
[EventCountry "CZE"]
[TimeControl "120+30"]

1. e4 c5 2. Nf3 d6 3. d4 cxd4 4. Qxd4 Nf6 5. Bb5+ Bd7 6. Bxd7+ Qxd7 7. c4 Nc6 8. Qe3 e6 9. Nc3 Be7 10. b3 O-O 11. Bb2 a6 12. O-O Qc7 13. Rac1 Qa5 14. a3 Ng4 15. Qe2 Qh5 16. h3 Nf6 17. b4 Qg6 18. Qe3 Nh5 19. Ne2 f5 20. e5 Rad8 21. Rfd1 Rf7 22. b5 Nb8 23. exd6 Bf6 24. Be5 axb5 25. cxb5 Nd7 26. a4 Bxe5 27. Nxe5 Nxe5 28. Qxe5 Qf6 29. Qxf6 Nxf6 30. Nf4 Re8 31. Rc7 Rd7 32. Rxd7 Nxd7 33. Rc1 b6 34. Rc7 Nf8 35. Rb7 Ra8 36. Rxb6 Rxa4 37. g3 Rd4 38. Rc6 Rd1+ 39. Kg2 e5 40. Ne2 Kf7 41. Nc3 Rd2 42. b6 Ke6 43. d7+ Kxd7 44. Rc7+ Ke6 45. Rxg7 Rb2 46. b7 Nd7 47. Na4 Rxb7 48. Rxh7 Rb5 49. Rh6+ Nf6 50. g4 fxg4 51. hxg4 Kf7 52. Nc3 Nxg4 53. Rc6 Rb2 54. Ne4 Nxf2 55. Nxf2 Ra2 56. Kf3 Ra4 57. Ng4 Rf4+ 58. Kg3 Ra4 59. Nxe5+ Ke7 60. Kf3 Rb4 61. Ke3 Ra4 62. Nf3 Kd7 63. Rh6 Ke7 64. Nd4 Ra1 65. Ke4 Re1+ 66. Kd5 Kf7 67. Ra6 Ke7 68. Nf3 Re2 69. Ng5 Re1 70. Ne4 Rd1+ 71. Ke5 Kd7 72. Nc3 Rd2 73. Ne4 Rd1 74. Nf6+ Kc7 75. Nd5+ Kd7 76. Rd6+ Ke8 77. Nc7+ 1-0

[Event "29. Klatovy C 2023"]
[Site "Klatovy"]
[Date "2023.07.08"]
[Round "8.5"]
[White "Baumruk, Josef"]
[Black "Petras, Milan"]
[Result "0-1"]
[ECO "B12"]
[WhiteElo "1947"]
[BlackElo "1866"]
[PlyCount "128"]
[EventDate "2023.07.01"]
[EventType "swiss"]
[EventRounds "9"]
[EventCountry "CZE"]
[TimeControl "120+30"]

1. e4 c6 2. d4 d5 3. e5 Bf5 4. Bd3 Bxd3 5. Qxd3 e6 6. Ne2 Qd7 7. O-O c5 8. c3 Nc6 9. f4 g6 10. Kh1 h5 11. Nd2 cxd4 12. Nxd4 Nge7 13. N2f3 Nxd4 14. Nxd4 Nc6 15. Nb3 Qc7 16. Be3 a6 17. a4 Na5 18. Nxa5 Qxa5 19. b4 Qc7 20. b5 Bc5 21. bxa6 bxa6 22. Bxc5 Qxc5 23. Rf3 Qc4 24. Qxc4 dxc4 25. Re3 Ke7 26. Kg1 Rab8 27. Rd1 Rb2 28. Re4 Rc8 29. Rdd4 Rc2 30. Rxc4 Rxc3 31. Rxc8 Rxc8 32. Rb4 Kd7 33. Kf2 Rc2+ 34. Kf3 Ra2 35. Rd4+ Kc6 36. Rd6+ Kb7 37. Rd7+ Kc6 38. Rxf7 Ra3+ 39. Kf2 Rxa4 40. Rf6 Kd5 41. Kg3 g5 42. h4 gxf4+ 43. Rxf4 Ra3+ 44. Kh2 Kxe5 45. Rf8 Ra5 46. Kg3 Ke4 47. Rf4+ Kd5 48. Rf8 Kd6 49. Rh8 Rf5 50. Ra8 a5 51. Ra6+ Ke7 52. Kh3 Kf6 53. Ra8 Rc5 54. Rf8+ Kg7 55. Re8 Kf7 56. Ra8 Rb5 57. Ra7+ Kf6 58. g3 Ke5 59. Rg7 Kd4 60. Rg6 e5 61. Rg5 a4 62. g4 a3 63. gxh5 a2 64. Rg4+ e4 0-1

[Event "29. Klatovy C 2023"]
[Site "Klatovy"]
[Date "2023.07.08"]
[Round "8.6"]
[White "Korsa, Jindrich"]
[Black "Zednik, Zdenek"]
[Result "1-0"]
[ECO "B23"]
[WhiteElo "1997"]
[BlackElo "1836"]
[PlyCount "41"]
[EventDate "2023.07.01"]
[EventType "swiss"]
[EventRounds "9"]
[EventCountry "CZE"]
[TimeControl "120+30"]

1. e4 c5 2. Nc3 d6 3. g4 e6 4. d3 Nc6 5. Bg2 Be7 6. Nge2 Nf6 7. Ng3 Qc7 8. O-O a6 9. f4 b5 10. f5 Bb7 11. g5 Nd7 12. Nh5 Rg8 13. fxe6 fxe6 14. Nf4 Nd4 15. Be3 Nf8 16. Bh3 Bc8 17. Bg2 Bd7 18. e5 d5 19. Nfxd5 exd5 20. Bxd4 O-O-O 21. Nxd5 1-0

[Event "29. Klatovy C 2023"]
[Site "Klatovy"]
[Date "2023.07.08"]
[Round "8.7"]
[White "Richter, Martin1"]
[Black "Skopec, Lubos"]
[Result "1-0"]
[ECO "D04"]
[WhiteElo "1946"]
[BlackElo "1824"]
[PlyCount "55"]
[EventDate "2023.07.01"]
[EventType "swiss"]
[EventRounds "9"]
[EventCountry "CZE"]
[TimeControl "120+30"]

1. d4 d5 2. e3 Nf6 3. Bd3 g6 4. Nd2 Bg7 5. Ngf3 Bg4 6. h3 Bxf3 7. Qxf3 Nc6 8. c4 Nb4 9. Bb1 dxc4 10. Qxb7 c5 11. Qb5+ Qd7 12. Qxc4 Rc8 13. O-O O-O 14. Nb3 Nbd5 15. Nxc5 Qc6 16. Qa4 Qc7 17. b4 Nc3 18. Qc2 Nfd5 19. a3 e5 20. e4 Nxb1 21. Rxb1 Nb6 22. d5 Rfd8 23. Qb3 Nd7 24. Be3 a5 25. Rfc1 Nxc5 26. Rxc5 Qb7 27. Rxa5 Rc7 28. Ra7 1-0

[Event "29. Klatovy C 2023"]
[Site "Klatovy"]
[Date "2023.07.08"]
[Round "8.8"]
[White "Kucera, Jiri"]
[Black "Fiser, Jiri2"]
[Result "0-1"]
[ECO "A81"]
[WhiteElo "1920"]
[BlackElo "1784"]
[PlyCount "98"]
[EventDate "2023.07.01"]
[EventType "swiss"]
[EventRounds "9"]
[EventCountry "CZE"]
[TimeControl "120+30"]

1. d4 f5 2. Nf3 Nf6 3. g3 g6 4. Bg2 Bg7 5. O-O O-O 6. b3 d6 7. Bb2 a5 8. a3 Bd7 9. c4 Na6 10. Nbd2 c6 11. Re1 Ne4 12. Qc2 d5 13. Ne5 Be6 14. Rad1 Rc8 15. f3 Nxd2 16. Rxd2 f4 17. gxf4 Rxf4 18. e3 Rf8 19. e4 Qb6 20. Kh1 Bxe5 21. dxe5 dxc4 22. bxc4 Qc5 23. Bd4 Qxc4 24. Qxc4 Bxc4 25. Bb6 Be6 26. Bxa5 Nc5 27. Bb4 Nb3 28. Rd3 c5 29. Bc3 Ra8 30. Bb2 c4 31. Rde3 Rfd8 32. f4 Nd4 33. Rc1 Rac8 34. Bxd4 Rxd4 35. f5 gxf5 36. exf5 Bxf5 37. Bxb7 Rc7 38. Bf3 e6 39. Kg2 Bd3 40. Rc3 Rg7+ 41. Kf2 Rh4 42. Bg2 Rxh2 43. Rg3 Rh5 44. Re3 Rgg5 45. Bh3 Kf7 46. Rexd3 cxd3 47. Rc7+ Kg6 48. Bxe6 Rh2+ 49. Ke3 Rxe5+ 0-1

[Event "29. Klatovy C 2023"]
[Site "Klatovy"]
[Date "2023.07.09"]
[Round "9.2"]
[White "Sedlak, Ludek"]
[Black "Hlavac, Rudolf"]
[Result "1/2-1/2"]
[ECO "B26"]
[WhiteElo "1885"]
[BlackElo "1845"]
[PlyCount "91"]
[EventDate "2023.07.01"]
[EventType "swiss"]
[EventRounds "9"]
[EventCountry "CZE"]
[TimeControl "120+30"]

1. e4 c5 2. Nc3 Nc6 3. g3 g6 4. Bg2 Bg7 5. d3 d6 6. Be3 e5 7. Qd2 Be6 8. Nge2 Qd7 9. Nd5 Bxd5 10. exd5 Nce7 11. O-O Nf5 12. Nc3 Nxe3 13. fxe3 Nf6 14. Rab1 O-O 15. Rf3 Qe7 16. Rbf1 h6 17. Qf2 Ng4 18. Qe2 Nf6 19. h3 Rab8 20. Qf2 Nd7 21. g4 b5 22. Ne4 f6 23. Ng3 b4 24. e4 Rb6 25. Ne2 a5 26. h4 a4 27. h5 f5 28. gxf5 g5 29. Rg3 Ra8 30. f6 Nxf6 31. Rf3 Rf8 32. Ng3 Ng4 33. Rxf8+ Qxf8 34. Qe2 Nf6 35. Bh3 Qe8 36. Be6+ Kh8 37. Bf5 Rb8 38. Bg6 Qd7 39. Nf5 Rf8 40. Rf2 Ng8 41. Qg4 Qd8 42. Qg2 Rf6 43. Ng3 Rf4 44. Qf1 Qf6 45. b3 axb3 46. axb3 1/2-1/2

[Event "29. Klatovy C 2023"]
[Site "Klatovy"]
[Date "2023.07.09"]
[Round "9.3"]
[White "Pribyl, Josef"]
[Black "Ondrejat, Miroslav"]
[Result "1/2-1/2"]
[ECO "A01"]
[WhiteElo "2230"]
[BlackElo "1834"]
[PlyCount "29"]
[EventDate "2023.07.01"]
[EventType "swiss"]
[EventRounds "9"]
[EventCountry "CZE"]
[TimeControl "120+30"]

1. b3 e5 2. Bb2 Nc6 3. e3 d6 4. g3 Nf6 5. Bg2 Be7 6. Ne2 O-O 7. c4 Bf5 8. d3 Qd7 9. h3 h6 10. Nbc3 Rab8 11. Qd2 Rfe8 12. Nd5 Nxd5 13. cxd5 Nd8 14. e4 Bh7 15. O-O 1/2-1/2

[Event "29. Klatovy C 2023"]
[Site "Klatovy"]
[Date "2023.07.09"]
[Round "9.4"]
[White "Novotny, Jaroslav2"]
[Black "Turner, Radek"]
[Result "1/2-1/2"]
[ECO "C02"]
[WhiteElo "1890"]
[BlackElo "1991"]
[PlyCount "55"]
[EventDate "2023.07.01"]
[EventType "swiss"]
[EventRounds "9"]
[EventCountry "CZE"]
[TimeControl "120+30"]

1. e4 e6 2. d4 d5 3. e5 c5 4. c3 Nc6 5. Nf3 Bd7 6. a3 cxd4 7. cxd4 f6 8. b4 Rc8 9. Bb2 fxe5 10. dxe5 Nh6 11. Bd3 Be7 12. O-O O-O 13. Nbd2 Be8 14. Rc1 a6 15. Nb3 Bh5 16. Be2 Bxf3 17. Bxf3 b6 18. Qe2 Bg5 19. Rc2 Nb8 20. Bc1 Rxc2 21. Qxc2 Bxc1 22. Rxc1 Qg5 23. Qe2 a5 24. bxa5 bxa5 25. Rc7 Nf5 26. Bg4 a4 27. Bxf5 Qxf5 28. Nd2 1/2-1/2

[Event "29. Klatovy C 2023"]
[Site "Klatovy"]
[Date "2023.07.09"]
[Round "9.5"]
[White "Fiser, Jiri2"]
[Black "Korsa, Jindrich"]
[Result "0-1"]
[ECO "B01"]
[WhiteElo "1784"]
[BlackElo "1997"]
[PlyCount "116"]
[EventDate "2023.07.01"]
[EventType "swiss"]
[EventRounds "9"]
[EventCountry "CZE"]
[TimeControl "120+30"]

1. e4 d5 2. exd5 Qxd5 3. Nc3 Qa5 4. d4 c6 5. Bc4 Nf6 6. Nge2 Bf5 7. O-O e6 8. Ng3 Bd6 9. Bd2 Qc7 10. Nxf5 exf5 11. Re1+ Kf8 12. h3 Nbd7 13. Qf3 f4 14. Ne4 Nxe4 15. Qxe4 Nf6 16. Qf5 Qd7 17. Qxd7 Nxd7 18. Re2 g5 19. Rae1 h5 20. f3 b5 21. Bd3 Nf6 22. Bf5 Rg8 23. c3 Rd8 24. b4 Nd5 25. Kf2 Kg7 26. Be4 Ne7 27. a4 a6 28. Bc2 Kf6 29. a5 Rd7 30. Bb1 Rgd8 31. Rd1 Bc7 32. Bc2 Nf5 33. Bxf5 Kxf5 34. Rde1 Kf6 35. Re8 Bd6 36. Rxd8 Rxd8 37. Bc1 Kg7 38. Re4 f6 39. Re1 Kf7 40. Re4 f5 41. Re1 Rg8 42. Re2 Rg6 43. Bd2 g4 44. hxg4 fxg4 45. Re4 Re6 46. Rxe6 Kxe6 47. fxg4 hxg4 48. Ke2 Kf5 49. Kd3 f3 50. gxf3 gxf3 51. Be1 Bh2 52. Ke3 Kg4 53. d5 cxd5 54. Kd4 Bg3 55. Bxg3 Kxg3 56. Kc5 f2 57. Kb6 f1=Q 58. Kxa6 Qc4 0-1

[Event "29. Klatovy C 2023"]
[Site "Klatovy"]
[Date "2023.07.09"]
[Round "9.6"]
[White "Plasek, Zdenek"]
[Black "Richter, Martin1"]
[Result "0-1"]
[ECO "A30"]
[WhiteElo "1914"]
[BlackElo "1946"]
[PlyCount "80"]
[EventDate "2023.07.01"]
[EventType "swiss"]
[EventRounds "9"]
[EventCountry "CZE"]
[TimeControl "120+30"]

1. d4 Nf6 2. Nf3 e6 3. g3 b6 4. Bg2 Bb7 5. O-O c5 6. c4 cxd4 7. Qxd4 Nc6 8. Qd1 Be7 9. Nc3 O-O 10. Bf4 Na5 11. b3 d5 12. cxd5 Nxd5 13. Nxd5 Bxd5 14. h4 Rc8 15. Rc1 Nc6 16. Qd3 Nb4 17. Qb1 h6 18. Rfd1 Rxc1 19. Bxc1 Qa8 20. a3 Be4 21. Qa1 Nc2 22. Qa2 Rd8 23. Rxd8+ Qxd8 24. Nd2 Bxg2 25. Kxg2 Nxa3 26. Bxa3 Bxa3 27. Qxa3 Qxd2 28. Qxa7 Qd5+ 29. f3 Qxb3 30. Qa8+ Kh7 31. Qe8 Qb2 32. Qxf7 Qxe2+ 33. Kh3 Qe5 34. Qb7 b5 35. Kg2 Qd5 36. Qb6 Qc4 37. g4 b4 38. Kg3 b3 39. g5 Qc2 40. gxh6 b2 0-1

[Event "29. Klatovy C 2023"]
[Site "Klatovy"]
[Date "2023.07.09"]
[Round "9.7"]
[White "Nisztuk, Michal"]
[Black "Cecil, Pavel"]
[Result "1-0"]
[ECO "C01"]
[WhiteElo "1424"]
[BlackElo "1845"]
[PlyCount "120"]
[EventDate "2023.07.01"]
[EventType "swiss"]
[EventRounds "9"]
[EventCountry "CZE"]
[TimeControl "120+30"]

1. e4 e6 2. d4 d5 3. exd5 exd5 4. c4 Qe7+ 5. Be3 Nf6 6. Nc3 c6 7. Nf3 Be6 8. cxd5 Nxd5 9. Bd3 g6 10. O-O Bg7 11. Qd2 O-O 12. Bg5 Qc7 13. Bh6 Nd7 14. Bxg7 Kxg7 15. Ng5 Rae8 16. Rac1 Qf4 17. Nxe6+ Rxe6 18. Qxf4 Nxf4 19. Bc4 Rd6 20. Rcd1 Nb6 21. Bb3 Rfd8 22. Rfe1 Kf8 23. Re4 Ne6 24. Rde1 Nxd4 25. Bd1 Re6 26. g3 Rxe4 27. Nxe4 Nd5 28. Kf1 b6 29. f4 h6 30. a3 f5 31. Nf2 Re8 32. Nd3 Ne3+ 33. Kf2 Nxd1+ 34. Rxd1 c5 35. Ne5 Kg7 36. b4 Rc8 37. Rd2 Rc7 38. Ke3 a5 39. Kd3 Nb5 40. a4 Nd6 41. b5 Nf7 42. Kc4 Nxe5+ 43. fxe5 Re7 44. Rd6 Rxe5 45. Rxb6 g5 46. Rc6 f4 47. gxf4 gxf4 48. Rd6 f3 49. Rd1 Re4+ 50. Kxc5 Rxa4 51. b6 Rb4 52. Ra1 f2 53. Kc6 Kg6 54. Rf1 Rb2 55. b7 Kg5 56. Rxf2 Rxf2 57. b8=Q Rf5 58. Qg3+ Kf6 59. Kd6 Rg5 60. Qf4+ Kg6 1-0

[Event "29. Klatovy C 2023"]
[Site "Klatovy"]
[Date "2023.07.09"]
[Round "9.8"]
[White "Truksa, Vaclav"]
[Black "Havelka, Petr"]
[Result "1/2-1/2"]
[ECO "D02"]
[WhiteElo "1725"]
[BlackElo "1770"]
[PlyCount "20"]
[EventDate "2023.07.01"]
[EventType "swiss"]
[EventRounds "9"]
[EventCountry "CZE"]
[TimeControl "120+30"]

1. d4 d5 2. Bf4 Nf6 3. e3 Bf5 4. Bd3 Bxd3 5. Qxd3 c6 6. Nd2 e6 7. Ngf3 Bd6 8. Bxd6 Qxd6 9. O-O O-O 10. c3 Nbd7 1/2-1/2